 Dungeon Crawl Stone Soup version 0.24.0-13-gcf9b319 (webtiles) character file.

Game seed: 15124164754811818482, levelgen mode: deterministic

219363 shmeve the Peltast (level 18, -6/155 HPs)
             Began as a Minotaur Berserker on Apr 10, 2020.
             Was the Champion of Trog.
             Mangled by a catoblepas (7 damage)
             ... led by Polyphemus
             ... while petrified by you
             ... on level 3 of the Shoals.
             The game lasted 01:23:48 (32872 turns).

shmeve the Peltast (Minotaur Berserker)            Turns: 32872, Time: 01:23:48

Health: -6/155     AC: 30    Str: 30    XL:     18   Next: 44%
Magic:  17/17      EV:  2    Int:  5    God:    Trog [******]
Gold:   2163       SH:  0    Dex: 11    Spells: 17/17 levels left

rFire    + + .     SeeInvis .   L - +2 war axe (vamp)
rCold    + . .     Gourm    .   U - +0 large shield
rNeg     + + +     Faith    .   J - +3 crystal plate armour
rPois    ∞         Spirit   .   Q - +2 hat
rElec    .         Reflect  .   e - scarf {rC+ rF+}
rCorr    .         Harm     .   g - +0 pair of gloves
MR       +....                  w - +0 pair of boots
Stlth    ..........             G - amulet "Kusony" {Acrobat rF+ rN+ Str+4}
HPRegen  0.35/turn              a - ring of positive energy
MPRegen  0.15/turn              B - ring of poison resistance

@: petrified, mesmerised
A: retaliatory headbutt, horns 2, clumsy 1, frail 1, MP-powered wands
}: 1/15 runes: serpentine
a: Berserk, Trog's Hand, Brothers in Arms, Renounce Religion


You were on level 3 of the Shoals.
You worshipped Trog.
Trog was exalted by your worship.
You were not hungry.

You visited 5 branches of the dungeon, and saw 30 of its levels.
You also visited: Sewer.

You collected 3387 gold pieces.
You spent 1224 gold pieces at shops.

Inventory:

Hand Weapons
 l - a +6 broad axe of flaming
 L - a +2 vampiric war axe (weapon)
Missiles
 n - 23 javelins (quivered)
 x - 31 silver javelins
 R - 14 boomerangs of dispersal
Armour
 e - a scarf of resistance (worn)
 g - a +0 pair of gloves (worn)
 w - a +0 pair of boots (worn)
 J - a +3 crystal plate armour (worn)
 Q - a +2 hat (worn)
 U - a +0 large shield (worn)
Jewellery
 a - a ring of positive energy (left hand)
 m - an uncursed amulet of regeneration
 B - a ring of poison resistance (right hand)
 F - a +2 ring of protection
 G - the amulet "Kusony" (around neck) {Acrobat rF+ rN+ Str+4}
   (You found it on level 6 of the Lair of Beasts)

   [amulet of the acrobat]

   It helps you evade while moving and waiting.
   It affects your strength (+4).
   It protects you from fire.
   It protects you from negative energy.
 M - an uncursed ring of protection from cold
Wands
 b - a wand of digging (9)
 d - a wand of polymorph (22)
 v - a wand of iceblast (8)
 H - a wand of acid (20)
 K - a wand of flame (19)
 O - a wand of clouds (4)
 X - a wand of paralysis (6)
Scrolls
 f - 3 scrolls of blinking
 h - 4 scrolls of enchant weapon
 o - 7 scrolls of magic mapping
 p - 13 scrolls of remove curse
 u - a scroll of fear
 z - a scroll of silence
 N - 8 scrolls of teleportation
 Y - 3 scrolls of fog
Potions
 i - 5 potions of haste
 j - 6 potions of agility
 k - 12 potions of curing
 q - 3 potions of flight
 s - a potion of berserk rage {unknown}
 t - 4 potions of might {unknown}
 A - 13 potions of heal wounds
 C - 5 potions of brilliance {unknown}
 D - 3 potions of mutation {unknown}
 E - 4 potions of ambrosia
 I - 2 potions of degeneration {unknown}
 S - a potion of invisibility {unknown}
 T - a potion of cancellation {unknown}
 V - 2 potions of resistance {unknown}
 W - 3 potions of lignification {unknown}
Comestibles
 c - 45 rations


   Skills:
 * Level 18.4 Fighting
 * Level 18.4 Axes
 + Level 11.6 Throwing
 + Level 13.7 Armour
 + Level 12.6 Dodging
 * Level 18.5 Shields


You had 17 spell levels left.
You didn't know any spells.
Your spell library was empty.

Dungeon Overview and Level Annotations

Branches:
Dungeon (15/15)            Temple (0/1) D:6            Lair (6/6) D:8
 Shoals (3/4) Lair:3        Snake (4/4) Lair:3        Slime (0/5) Lair:5
    Orc (2/2) D:11            Elf (0/3) Orc:2        Vaults (0/5) D:14
 Depths (0/5) D:15          Sewer (visited)

Altars:
Dithmenos
Hepliaklqana
Kikubaaqudgha
Trog
Xom
Yredelemnul
Zin
The Shining One
Beogh
Jiyva

Shops:
D:4 }   D:5 *   D:7 =*?*   D:11 =   D:14 *   Orc:2 ([(%?%[?   Snake:1 [

Annotations:
D:9 2 transporters
Shoals:3 Polyphemus


Innate Abilities, Weirdness & Mutations

You reflexively headbutt those who attack you in melee.
You have a pair of horns on your head.
You are clumsy. (Dex -2)
You are frail. (-10% HP)
You expend magic power (3 MP) to strengthen your wands.


Message History

The merfolk avatar chants its luring song. x2
The cyclops hits you!!
* * * LOW HITPOINT WARNING * * *
Polyphemus hits you!!
* * * LOW HITPOINT WARNING * * *
Polyphemus hits you.
* * * LOW HITPOINT WARNING * * *
The catoblepas gores you but does no damage.
The death yak gores you.
* * * LOW HITPOINT WARNING * * *
The snapping turtle bites you from afar.
* * * LOW HITPOINT WARNING * * *
The merfolk siren chants its luring song.
The manticore bites you but does no damage.
The manticore claws you but does no damage. x2
The merfolk avatar chants its luring song. x2
The alligator snapping turtle bites you from afar!!
* * * LOW HITPOINT WARNING * * *
Polyphemus hits you but does no damage. x2; The catoblepas gores you!
You die...

≈≈≈≈≈≈≈...≈≈...m.
≈≈≈≈≈≈....≈≈.... ...
≈≈≈≈≈≈m......... ...
≈≈≈≈≈..<....# ...
≈≈≈≈≈.......####.#
≈≈≈≈≈....(....#..#
≈≈≈≈≈.....(t.m.t#
≈≈≈..#......YHH##
≈≈≈..##.m≈.YC@Y.#
≈≈?.....≈≈≈.CYY..#
≈≈.$...≈≈m≈..Ht......
....≈≈≈≈...###$...
.≈...≈≈≈≈?.. ...
............. ..
..........$.. #
............


You could see Polyphemus, an alligator snapping turtle, 3 merfolk avatars, 2
death yaks, a catoblepas, 2 snapping turtles, 3 manticores, a cyclops, a merfolk
siren and 2 dream sheep.

Vanquished Creatures
  Bai Suzhen (Snake:4)
  A sphinx (D:12)
  A storm dragon (D:12)
  Roxanne (Snake:4)
  Kirke (D:13)
  11 nagarajas
  An iron dragon (D:12)
  The ghost of Itousaed the Severer, a journeyman MiFi of Makhleb (Snake:1)
  An orc warlord (Orc:2)
  The ghost of Ofor the Covert, a journeyman OpBe of Trog (D:15)
  2 merfolk impalers (Shoals:2)
  Snorg (D:11)
  2 ettins (D:12)
  Josephine (D:13)
  A rakshasa (D:15)
  30 naga warriors
  Fannar (D:10)
  17 anacondas
  3 catoblepae (Lair:6)
  6 hydras
  2 merfolk avatars (Shoals:1)
  2 centaur warriors (D:15)
  2 merfolk aquamancers (Shoals:2)
  8 two-headed ogres
  A queen ant (Lair:2)
  9 death yaks
  Urug (D:13)
  An orc high priest (Orc:2)
  2 shock serpents (Snake:1)
  13 naga sharpshooters
  2 fire crabs (shapeshifter) (D:15)
  4 salamander mystics
  A deep troll (D:14)
  7 sea snakes
  3 unseen horrors
  Pikel (D:4)
  13 naga ritualists
  A phantasmal warrior (D:12)
  A lindwurm (Lair:6)
  9 mana vipers
  A wolf spider zombie (D:15)
  3 orc knights
  A deep elf mage (D:12)
  A harpy (shapeshifter) (D:12)
  22 ugly things
  7 harpies (Shoals:1)
  11 manticores
  4 fauns
  3 orc sorcerers (Orc:2)
  9 guardian serpents
  8 salamanders
  7 cyclopes
  12 naga magi
  2 merfolk sirens
  Maurice (D:13)
  43 black mambas
  15 spiny frogs
  An orange demon (D:9)
  2 gargoyles
  4 water nymphs
  A kobold demonologist (D:14)
  An efreet (D:15)
  3 yaktaurs (D:15)
  2 centaur skeletons
  7 rime drakes
  3 komodo dragons
  A redback zombie (D:14)
  A freezing wraith (D:12)
  A red devil (D:9)
  6 trolls
  A wind drake (Shoals:2)
  12 merfolk
  A tyrant leech (shapeshifter) (D:15)
  2 hornets
  A polar bear (Lair:6)
  4 slime creatures
  12 blink frogs
  9 dream sheep
  12 hippogriffs
  3 snapping turtles
  5 wraiths
  A shadow (D:12)
  A wyvern (D:12)
  A spriggan (D:7)
  9 water elementals
  A hog (D:13)
  Sigmund (D:3)
  The ghost of dredge the Skirmisher, an amateur MiBe of Trog (D:3)
  Grum (D:9)
  3 basilisks
  48 yaks
  5 humans (D:13)
  3 hungry ghosts
  Eustachio (D:5)
  2 vampire mosquitoes (D:13)
  71 nagas
  4 wargs
  4 soldier ants
  2 hell hounds (Lair:2)
  2 acid dragons (D:15)
  17 water moccasins
  Duvessa (D:6)
  8 porcupines
  3 ice beasts
  31 orc warriors
  3 sky beasts
  2 slaves (D:4)
  4 eyes of draining
  A black bear (D:12)
  An eye of draining (shapeshifter) (D:14)
  18 wolves
  5 boggarts (D:15)
  12 ogres
  17 centaurs
  5 phantoms
  14 crocodiles
  Blork the orc (D:4)
  2 big kobolds
  18 bullfrogs
  Dowan (D:6)
  A wyvern skeleton (D:6)
  A killer bee (D:12)
  3 scorpions
  18 wights
  4 electric eels
  2 howler monkeys
  4 bullfrog zombies
  7 crimson imps
  3 centaur zombies
  3 hounds
  5 jellies
  30 orc wizards
  20 orc priests
  3 bullfrog skeletons
  2 iron imps (D:9)
  8 iguanas
  21 worker ants
  3 hound zombies
  2 howler monkey zombies
  20 adders
  8 gnolls
  5 river rats (D:6)
  A river rat (shapeshifter) (D:15)
  5 shadow imps
  An ooze (D:2)
  An adder zombie (D:5)
  5 worms
  2 dart slugs
  7 leopard geckos
  127 orcs
  6 giant cockroaches
  2 gnoll zombies (D:6)
  10 goblins
  5 hobgoblins
  14 jackals
  11 kobolds
  4 quokkas
  4 ball pythons
  13 bats
  2 frilled lizards
  13 rats
  A fungus (Lair:3)
  2 plants
1146 creatures vanquished.

Vanquished Creatures (collateral kills)
  A hydra (Lair:3)
  An unseen horror (D:12)
  A phantasmal warrior (D:12)
  A cyclops (D:12)
  A spiny frog (Lair:3)
  3 blink frogs (Lair:3)
  A water moccasin (Lair:3)
9 creatures vanquished.

Vanquished Creatures (others)
  A guardian serpent (Snake:4)
  2 black mambas
  A human (D:13)
  A sky beast (D:11)
  A tengu (shapeshifter) (D:15)
  An orc wizard (D:9)
  A bush (D:11)
  2 fungi
  2 plants
12 creatures vanquished.

Grand Total: 1167 creatures vanquished

Notes
Turn   | Place    | Note
-------+----------+-------------------------------------------
     0 | D:1      | shmeve the Minotaur Berserker began the quest for the Orb.
     0 | D:1      | Reached XP level 1. HP: 19/19 MP: 0/0
   154 | D:1      | Reached XP level 2. HP: 5/27 MP: 1/1
  1046 | D:2      | Reached XP level 3. HP: 27/33 MP: 2/2
  1139 | D:2      | Reached skill level 1 in Throwing
  1764 | D:2      | Reached XP level 4. HP: 38/41 MP: 3/3
  1929 | D:2      | Reached ** piety under Trog
  2431 | D:3      | Found a runed translucent door.
  2431 | D:3      | Noticed dredge's ghost (amateur MiBe)
  2451 | D:3      | Killed dredge's ghost
  2451 | D:3      | Reached skill level 5 in Fighting
  2451 | D:3      | Reached skill level 5 in Axes
  2451 | D:3      | Reached XP level 5. HP: 43/48 MP: 4/4
  2614 | D:3      | Reached XP level 6. HP: 56/56 MP: 5/5
  2797 | D:3      | Noticed Sigmund
  2805 | D:3      | Killed Sigmund
  3330 | D:4      | Reached XP level 7. HP: 63/63 MP: 6/6
  3373 | D:4      | Noticed Pikel
  3385 | D:4      | Killed Pikel
  3385 | D:4      | Reached XP level 8. HP: 71/71 MP: 7/7
  3518 | D:4      | Reached *** piety under Trog
  3554 | D:4      | Found Rueph's Gadget Emporium.
  3565 | D:4      | Reached skill level 5 in Armour
  3636 | D:4      | Noticed Blork the orc
  3646 | D:4      | Killed Blork the orc
  3797 | D:4      | Found a bloodstained altar of Trog.
  4214 | D:5      | Entered Level 5 of the Dungeon
  4274 | D:5      | Noticed Eustachio
  4284 | D:5      | Killed Eustachio
  4437 | D:5      | Reached skill level 5 in Dodging
  4626 | D:5      | Found a shimmering altar of Xom.
  4714 | D:5      | Found Roclamo's Assorted Antiques.
  4720 | D:5      | Bought a scroll labeled FUGGUIXKOE for 24 gold pieces
  4720 | D:5      | Bought a scroll labeled PIDIRA ARPHESHO for 24 gold pieces
  4720 | D:5      | Bought a scroll labeled ZUCEOR REOL for 24 gold pieces
  4731 | D:5      | Found a glowing silver altar of Zin.
  4752 | D:5      | Reached XP level 9. HP: 82/82 MP: 8/8
  4771 | D:5      | Reached **** piety under Trog
  4921 | D:5      | Reached skill level 1 in Shields
  5116 | D:6      | Noticed Duvessa
  5117 | D:6      | Noticed Dowan
  5129 | D:6      | Killed Dowan
  5136 | D:6      | Killed Duvessa
  5159 | D:6      | Found a shadowy altar of Dithmenos.
  5189 | D:6      | Reached skill level 5 in Shields
  5479 | D:6      | HP: 4/123 [orc warrior/+0 morningstar (13)]
  5753 | D:6      | Found a glowing drain.
  5757 | Sewer    | Entered a sewer
  5867 | Sewer    | Reached ***** piety under Trog
  5867 | Sewer    | Received a gift from Trog
  5896 | Sewer    | Found a white marble altar of Elyvilon.
  6082 | D:6      | Found a glowing golden altar of the Shining One.
  6159 | D:6      | Found a staircase to the Ecumenical Temple.
  6317 | D:6      | Found a basalt altar of Yredelemnul.
  6407 | D:7      | Found Ocecao's Assorted Antiques.
  6423 | D:7      | Found a hazy altar of Hepliaklqana.
  6429 | D:7      | Bought a scroll labeled DAB REISUGUFFUIST for 26 gold
                  | pieces
  6429 | D:7      | Bought a scroll labeled COCUIPOAJE for 26 gold pieces
  6429 | D:7      | Bought a scroll labeled XEDDOOKIRCH for 26 gold pieces
  6545 | D:7      | Found Xaroa's General Store.
  6554 | D:7      | Bought a scroll of identify for 30 gold pieces
  6554 | D:7      | Bought a scroll of identify for 30 gold pieces
  6554 | D:7      | Bought a scroll of remove curse for 45 gold pieces
  6597 | D:7      | Found Lulemoj's Magic Scroll Shoppe.
  6607 | D:7      | Bought a scroll of identify for 26 gold pieces
  6631 | D:7      | Found Comehups's Jewellery Emporium.
  6730 | D:7      | Reached XP level 10. HP: 86/90 MP: 9/9
  7474 | D:8      | Found a staircase to the Lair.
  7769 | D:9      | Found a transporter.
  7820 | D:9      | Noticed a manticore
  7833 | D:9      | Killed a manticore
  8095 | D:9      | Received a gift from Trog
  8247 | D:9      | Found an ancient bone altar of Kikubaaqudgha.
  8248 | D:9      | Noticed an orange demon
  8269 | D:9      | Killed an orange demon
  8269 | D:9      | Reached skill level 5 in Throwing
  8325 | D:9      | Reached skill level 10 in Shields
  8570 | D:9      | Received a gift from Trog
  8712 | D:9      | Found a transporter.
  8716 | D:9      | Noticed Grum
  8733 | D:9      | Reached skill level 10 in Axes
  8735 | D:9      | Killed Grum
  9186 | D:10     | Entered Level 10 of the Dungeon
  9200 | D:10     | Noticed Fannar
  9225 | D:10     | Killed Fannar
  9225 | D:10     | Reached skill level 10 in Fighting
  9225 | D:10     | Reached XP level 11. HP: 34/99 MP: 10/10
  9544 | D:10     | Paralysed by a hornet for 3 turns
  9593 | D:10     | Noticed a two-headed ogre
  9598 | D:10     | Received a gift from Trog
  9601 | D:10     | Killed a two-headed ogre
 10160 | D:11     | Noticed a white ugly thing
 10173 | D:11     | Killed a white ugly thing
 10381 | D:11     | Found a hazy altar of Hepliaklqana.
 10587 | D:11     | Found Mephopuq's Jewellery Boutique.
 10749 | D:11     | Noticed Snorg
 10753 | D:11     | Noticed a two-headed ogre
 10756 | D:11     | Killed Snorg
 10763 | D:11     | Killed a two-headed ogre
 10834 | D:11     | Killed an unseen horror
 10951 | D:11     | Found a staircase to the Orcish Mines.
 11014 | D:11     | Found an ancient bone altar of Kikubaaqudgha.
 11041 | D:11     | Killed an unseen horror
 11041 | D:11     | Received a gift from Trog
 11334 | D:11     | Found a roughly hewn altar of Beogh.
 11490 | D:12     | Reached XP level 12. HP: 93/110 MP: 11/11
 12311 | D:12     | Noticed a two-headed ogre
 12318 | D:12     | Killed a two-headed ogre
 12482 | D:12     | Noticed a two-headed ogre
 12492 | D:12     | Killed a two-headed ogre
 12728 | D:12     | Noticed a five-headed hydra
 12735 | D:12     | Killed a one-headed hydra
 12883 | D:12     | Noticed a sphinx
 12891 | D:12     | Paralysed by a sphinx for 2 turns
 12900 | D:12     | Killed a sphinx
 12925 | D:12     | Noticed a storm dragon
 12959 | D:12     | Noticed an iron dragon
 13123 | Lair:1   | Entered Level 1 of the Lair of Beasts
 13651 | Lair:1   | Received a gift from Trog
 13966 | Lair:1   | Noticed a seven-headed hydra
 13972 | Lair:1   | Killed a three-headed hydra
 13972 | Lair:1   | Reached XP level 13. HP: 88/119 MP: 12/12
 16181 | Lair:3   | Identified a scroll of acquirement
 16233 | Lair:3   | Found a staircase to the Snake Pit.
 16263 | Lair:3   | Received a gift from Trog
 16640 | Lair:3   | Found a staircase to the Shoals.
 16649 | Lair:3   | Reached skill level 10 in Armour
 17026 | Lair:4   | Received a gift from Trog
 17083 | Lair:4   | Found a frozen archway.
 17762 | Lair:4   | Received a gift from Trog
 17921 | Lair:4   | Reached XP level 14. HP: 123/130 MP: 13/13
 18319 | Lair:5   | Found a viscous altar of Jiyva.
 18319 | Lair:5   | Found a staircase to the Slime Pits.
 18597 | Lair:5   | Found a bloodstained altar of Trog.
 18948 | Lair:6   | Entered Level 6 of the Lair of Beasts
 19627 | Lair:6   | Received a gift from Trog
 19763 | Lair:6   | Got a slimy emerald amulet
 19768 | Lair:6   | Identified the amulet "Kusony" {Acrobat rF+ rN+ Str+4} (You
                  | found it on level 6 of the Lair of Beasts)
 20597 | Orc:1    | Entered Level 1 of the Orcish Mines
 20649 | Orc:1    | Found a bloodstained altar of Trog.
 20833 | Orc:2    | Entered Level 2 of the Orcish Mines
 20833 | Orc:2    | Found a staircase to the Elven Halls.
 20849 | Orc:2    | Found a roughly hewn altar of Beogh.
 21013 | Orc:2    | Found a roughly hewn altar of Beogh.
 21019 | Orc:2    | Received a gift from Trog
 21068 | Orc:2    | Found Quoheolaa's Food Emporium.
 21092 | Orc:2    | Bought a ration for 65 gold pieces
 21092 | Orc:2    | Bought a ration for 65 gold pieces
 21092 | Orc:2    | Bought a ration for 65 gold pieces
 21092 | Orc:2    | Bought a ration for 65 gold pieces
 21111 | Orc:2    | Found Ycsumux's Magic Scroll Shop.
 21126 | Orc:2    | Bought a scroll of teleportation for 36 gold pieces
 21126 | Orc:2    | Bought a scroll of teleportation for 36 gold pieces
 21126 | Orc:2    | Bought a scroll of identify for 24 gold pieces
 21126 | Orc:2    | Bought a scroll of identify for 24 gold pieces
 21245 | Orc:2    | Found a roughly hewn altar of Beogh.
 21246 | Orc:2    | Found Oniwk's Magic Scroll Emporium.
 21276 | Orc:2    | Bought a scroll of remove curse for 45 gold pieces
 21276 | Orc:2    | Bought a scroll of identify for 30 gold pieces
 21276 | Orc:2    | Bought a scroll of remove curse for 45 gold pieces
 21276 | Orc:2    | Bought 2 scrolls of identify for 60 gold pieces
 21276 | Orc:2    | Bought a scroll of identify for 30 gold pieces
 21276 | Orc:2    | Bought a scroll of identify for 30 gold pieces
 21287 | Orc:2    | Found Padghi's Food Shop.
 21321 | Orc:2    | Found a roughly hewn altar of Beogh.
 21358 | Orc:2    | Gained mutation: You expend magic power (3 MP) to
                  | strengthen your wands. [a neqoxec]
 21359 | Orc:2    | Noticed an orc warlord
 21370 | Orc:2    | Found Wuulido's Antique Weapon Shoppe.
 21370 | Orc:2    | Found a roughly hewn altar of Beogh.
 21378 | Orc:2    | Killed an orc warlord
 21382 | Orc:2    | Found Kairghuh's Antique Armour Emporium.
 21529 | Orc:2    | Bought a pair of shimmering boots for 323 gold pieces
 21565 | Orc:2    | Identified the +1 pair of boots of the Wasteland {Regen+
                  | rCorr Slay-4} (You bought it in a shop on level 2 of the
                  | Orcish Mines)
 21584 | Orc:2    | Reached skill level 10 in Dodging
 21651 | Orc:2    | Found a roughly hewn altar of Beogh.
 21655 | Orc:2    | Found Filusigh's Antique Weapon Boutique.
 21696 | Orc:2    | Found Bioxkuha's Armour Shop.
 22119 | D:12     | Killed an iron dragon
 22119 | D:12     | Reached skill level 15 in Shields
 22211 | D:12     | Killed a storm dragon
 22223 | D:12     | Reached XP level 15. HP: 93/139 MP: 14/14
 22386 | D:12     | Identified Fod Cuuthro's Tome of Unstable Poisoning
 22485 | D:13     | Received a gift from Trog
 22695 | D:13     | Noticed Maurice
 22699 | D:13     | Killed Maurice
 22699 | D:13     | Reached skill level 15 in Axes
 22727 | D:13     | Noticed Josephine
 22736 | D:13     | Reached skill level 15 in Fighting
 22737 | D:13     | Killed Josephine
 22785 | D:13     | Noticed Kirke
 22797 | D:13     | Killed Kirke
 22916 | D:13     | Noticed Urug
 22931 | D:13     | Killed Urug
 23150 | D:14     | Got a pair of warped boots
 23152 | D:14     | Identified the +1 pair of boots of Panentheism {*Corrode
                  | +Inv Str+4 Int+4} (You found it on level 14 of the Dungeon)
 23167 | D:14     | Found a roughly hewn altar of Beogh.
 23434 | D:14     | You fall into a shaft and drop 1 floor!
 23434 | D:15     | Entered Level 15 of the Dungeon
 23608 | D:15     | Received a gift from Trog
 23781 | D:15     | Found a staircase to the Depths.
 24011 | D:15     | Reached ****** piety under Trog
 24129 | D:15     | Found a runed translucent gate.
 24129 | D:15     | Found a runed translucent gate.
 24129 | D:15     | Found a runed translucent gate.
 24130 | D:15     | Noticed Ofor's ghost (journeyman OpBe)
 24156 | D:15     | Killed Ofor's ghost
 24310 | D:15     | Received a gift from Trog
 24673 | D:14     | Received a gift from Trog
 24767 | D:14     | Found Jough's Blood Bar.
 25053 | D:14     | Received a gift from Trog
 25147 | D:14     | Found a gate to the Vaults.
 25411 | Snake:1  | Entered Level 1 of the Snake Pit
 25654 | Snake:1  | Reached XP level 16. HP: 151/151 MP: 15/15
 26058 | Snake:1  | Received a gift from Trog
 26205 | Snake:1  | Reached skill level 10 in Throwing
 26246 | Snake:1  | Gained mutation: You are frail. (-10% HP) [mutagenic glow]
 26275 | Snake:1  | Gained mutation: You are clumsy. (Dex -2) [mutagenic glow]
 26277 | Snake:1  | Found Fapop's Armour Boutique.
 26324 | Snake:1  | Found a large runed translucent door.
 26361 | Snake:1  | Found a large runed translucent door.
 26364 | Snake:1  | Noticed Itousaed's ghost (journeyman MiFi)
 26398 | Snake:1  | Killed Itousaed's ghost
 26463 | Snake:1  | Found a runed translucent gate.
 26463 | Snake:1  | Found a runed translucent gate.
 26463 | Snake:1  | Found a runed translucent gate.
 27667 | Snake:3  | Received a gift from Trog
 27823 | Snake:3  | Received a gift from Trog
 28369 | Snake:4  | Entered Level 4 of the Snake Pit
 28415 | Snake:4  | Reached XP level 17. HP: 144/144 MP: 16/16
 28960 | Snake:4  | Received a gift from Trog
 29085 | Snake:4  | Noticed Roxanne
 29104 | Snake:4  | Killed Roxanne
 29492 | Snake:4  | Received a gift from Trog
 29710 | Snake:4  | Got a serpentine rune of Zot
 29899 | Snake:4  | Noticed Bai Suzhen
 29920 | Snake:4  | Killed Bai Suzhen
 30131 | Snake:4  | Reached XP level 18. HP: 123/154 MP: 17/17
 30188 | Snake:4  | Received a gift from Trog
 30620 | Shoals:1 | Entered Level 1 of the Shoals
 31309 | Shoals:1 | Received a gift from Trog
 32849 | Shoals:3 | Noticed Polyphemus
 32872 | Shoals:3 | HP: 1/155 [alligator snapping turtle (12)]
 32872 | Shoals:3 | Mangled by a catoblepas

Levels and vault maps discovered:
D:1:      matt_arrival_grand_opening, layout_loops_corners, minmay_liquid_box
D:2:      layout_basic, hangedman_feature_mirror
D:3:      layout_basic, gammafunk_ghost_grave, first_ration, grunt_ministairs_6,
          uniq_sigmund
D:4:      layout_basic, serial_shops, nicolae_shop_waterfront, trog_book,
          uniq_pikel, uniq_blork_the_orc
D:5:      minmay_spotlight, layout_rooms, zin_treasury, led_xom_imps,
          serial_shops, shop, uniq_eustachio
D:6:      layout_rooms, grunt_dithmenos_smoke, lemuel_zombie_altar_yredelemnul,
          temple_green, lightli_sewer_entry_pipes, minmay_misc_feat_tiny,
          nicolae_tso_swordbearing_angel, uniq_duvessa
D:7:      layout_gridville, serial_shops, nicolae_shop_window_shopping, shop,
          kennysheep_little_box, nicolae_shop_window_shopping, basic_altar,
          the_bakery
D:8:      layout_cave_pods, lair_entry_dummy, minmay_misc_feat_iff
D:9:      gammafunk_steamed_eel, layout_stronghold, lemuel_hellish_altar,
          uniq_grum
D:10:     layout_loops_ring, uniq_fannar
D:11:     layout_loops_ring, minmay_orc_entry_temple_small, serial_shops,
          nicolae_shop_temple_entry_statues_fountains, kb_lookout_dungeons_type,
          hangedman_feature_mirror, uniq_snorg
D:12:     lemuel_traditional_vault, layout_loops_ring
D:13:     layout_roguey, nicolae_underground_beach, uniq_maurice, uniq_kirke,
          uniq_urug, uniq_josephine
D:14:     layout_gridville, david_vaults_4, special_room [special_room_orc],
          guppyfry_shop_blood
D:15:     gammafunk_enter_depths_forms, layout_gridville,
          gammafunk_ghost_hydra_chop, hangedman_abyss_or_decor_passed,
          gauntlet_entry_generic
Lair:1:   layout_cave_pods, beast_lair_carwin_6, grunt_megastairs_5
Lair:2:   layout_roguey, enter_volcano_3, minmay_another_anthill,
          grunt_megastairs_3
Lair:3:   layout_regular_city, minmay_shoals_entry_beasts,
          guppyfry_snake_entry_island, grunt_forest_stairs_basic,
          chequers_serial_rivers_marsh, beast_lair_carwin_5
Lair:4:   statuecave_lemuel, layout_hall_layers,
          portal_ice_cave_entry_pillars_1, serial_bayou_lake_a,
          infiniplex_staircase_pool, grunt_megastairs_2
Lair:5:   layout_long_grid, slime_altar_1, basic_altar
Lair:6:   evilmike_catoblepas_cave, layout_gridlike
Shoals:1: layout_shoals, hangedman_shoals_cup_caves
Shoals:2: layout_shoals, nicolae_shoals_arrival_archipelago
Shoals:3: layout_shoals, uniq_polyphemus, uniq_ilsuiw
Snake:1:  layout_gridlike, serial_shops, nicolae_shop_crystal,
          ebering_ghost_disaster_area, grunt_ministairs_13,
          nicolae_snake_horde_hoard
Snake:2:  layout_cave_pods, st_stairs_12, grunt_ministairs_6
Snake:3:  layout_rooms, special_room, nrook_loot_triangle,
          nrook_guardian_serpent_ordinary
Snake:4:  grunt_snake_rune_spirals, layout_onion, serial_bayou_ford_a,
          drop_trap, uniq_roxanne, uniq_bai_suzhen
Orc:1:    layout_diamond_mine, trog_butcher_becter
Orc:2:    grunt_orc_community_town_hall, layout_caves,
          grunt_orc_community_big_house_2, grunt_orc_community_big_house_1,
          grunt_orc_community_house_2, grunt_orc_community_house_2,
          grunt_orc_community_house_1, grunt_orc_community_house_1,
          grunt_orc_community_house_1, serial_shops, nicolae_shop_behind_doors,
          shop, nicolae_shop_behind_doors, nicolae_shop_crystal

Skill      XL: |  1  2  3  4  5  6  7  8  9 10 11 12 13 14 15 16 17 |
---------------+----------------------------------------------------+-----
Axes           | 4 5 6 7 8 10 11 12 13 14 16 17 18 | 18.4
Fighting       | 4 5 6 8 10 11 12 13 14 15 17 18 | 18.4
Throwing       | 1 2 3 4 5 6 7 8 9 10 11 | 11.6
Armour         | 3 4 5 6 7 8 9 10 11 12 13 | 13.7
Dodging        | 3 4 5 6 7 8 9 10 11 12 | 12.6
Shields        | 9 10 11 12 14 15 16 17 18 | 18.5

Action                   |  1- 3 |  4- 6 |  7- 9 | 10-12 | 13-15 | 16-18 || total
-------------------------+-------+-------+-------+-------+-------+-------++-------
Melee: Hand axe          |    70 |    86 |   174 |   285 |       |       ||   615
       Headbutt          |    11 |    15 |    56 |   101 |   298 |   290 ||   771
       War axe           |       |       |    85 |   170 |   605 |  1131 ||  1991
       Broad axe         |       |       |       |       |   463 |       ||   463
Throw: Boomerang         |       |    12 |    98 |    74 |       |       ||   184
       Javelin           |       |       |       |    47 |    58 |   201 ||   306
Invok: Berserk           |     1 |     3 |     5 |    13 |    13 |    10 ||    45
       Trog's Hand       |       |       |     1 |     3 |     6 |    15 ||    25
       Brothers in Arms  |       |       |       |     1 |     1 |       ||     2
  Use: Scroll            |       |       |     6 |     4 |    27 |    10 ||    47
 Stab: Sleeping          |     1 |       |       |       |       |       ||     1
       Distracted        |       |       |       |       |     1 |       ||     1
       Petrified         |       |       |       |       |       |    11 ||    11
       Petrifying        |       |       |       |       |       |     2 ||     2
  Eat: Chunk             |     3 |     7 |    17 |    30 |    42 |    12 ||   111
       Ration            |       |       |       |     2 |     4 |     8 ||    14
Armor: Animal skin       |    21 |     1 |       |       |       |       ||    22
       Chain mail        |       |    40 |   168 |   280 |   380 |    88 ||   956
       Crystal plate arm |       |       |       |       |       |   477 ||   477
Dodge: Dodged            |    62 |    39 |   141 |   231 |   693 |   455 ||  1621
Block: Buckler           |       |       |     2 |   141 |   367 |   110 ||   620
       Shield            |       |       |       |       |       |   297 ||   297
       Large shield      |       |       |       |       |       |   639 ||   639
